 Dungeon Crawl Stone Soup version 0.30-a0-743-gbfdf073431 (webtiles) character file.

Game seed: 11261457020837350231

9 M4edhros the Sneak (level 2, -3/21 HPs)
             Began as an Octopode Delver on Feb 5, 2023.
             Was an Initiate of Zin.
             Slain by an iguana (4 damage)
             ... on level 5 of the Dungeon.
             The game lasted 00:00:38 (129 turns).

M4edhros the Sneak (Octopode Delver)                 Turns: 129, Time: 00:00:38

Health: -3/21      AC:  1    Str: 11    XL:     2   Next: 16%
Magic:  2/2        EV: 13    Int: 12    God:    Zin [......]
Gold:   48         SH:  0    Dex: 13    Spells: 1/1 levels left

rFire   . . .      SeeInvis .      - Unarmed
rCold   . . .      Faith    .    (no shield)
rNeg    . . .      Spirit   .    (helmet restricted)
rPois   .          Reflect  .    (no amulet)
rElec   .          Harm     .    (no ring)
rCorr   .          Rampage  .    (no ring)
Will    .....                    (no ring)
Stlth   ++++                     (no ring)
HPRegen 0.23/turn                (no ring)
MPRegen 0.08/turn                (no ring)
                                 (no ring)
                                 (no ring)

@: no status effects
A: almost no armour, amphibious, 8 rings, camouflage 1, gelatinous body 1,
(nimble swimmer 1), tentacles
a: Renounce Religion, Donate Gold


You were on level 5 of the Dungeon.
You worshipped Zin.
Zin was noncommittal.
You visited 1 branch of the dungeon, and saw 3 of its levels.

You collected 53 gold pieces.
You donated 5 gold pieces to Zin.

Inventory:

Wands
 e - a wand of digging (3)
Scrolls
 a - a scroll of fog
 b - a scroll of magic mapping
 c - a scroll of fear
 f - a scroll of teleportation {unknown}
Potions
 d - a potion of haste


   Skills:
 - Level 3.0 Fighting
 - Level 2.0 Dodging
 - Level 6.6 Stealth
 + Level 2.8 Unarmed Combat


You had one spell level left.
You didn't know any spells.
Your spell library was empty.

Dungeon Overview and Level Annotations

Branches:
Dungeon (7/15)
 Temple: D:4-7

Altars:
Makhleb
Yredelemnul
Zin


Innate Abilities, Weirdness & Mutations

You cannot wear most types of armour.
You are amphibious.
You can wear up to eight rings at the same time.
Your skin changes colour to match your surroundings (Stealth+).
Your rubbery body absorbs attacks. (AC +1, EV +1)
((You are camouflaged when in or above water. (Stealth+)))
You have tentacles for arms and can constrict up to eight enemies at once.


Message History

You now have 47 gold pieces (gained 11).
As you open the door, it creaks loudly!
There is an open door here.
You open the door.
Found a burning altar of Makhleb.
You open the door.
Found 6 gold pieces.
Found a basalt altar of Yredelemnul.
There is an open door here.
You now have 53 gold pieces (gained 6).
There is an open door here.
You open the door.
Found a glowing silver altar of Zin.
There is an open door here.
There is an open door here.
There is a glowing silver altar of Zin here.
You curl up in front of the altar of Zin.
Zin welcomes you!
You pay a tithe of 5 gold.
You can now donate money to Zin.
There is an open door here.
There is an open door here.
An iguana comes into view.
Found a scroll labelled PIANAC YTHRE.
The iguana hisses angrily.
You tentacle-slap the iguana. You grab the iguana.
Your squeeze misses the iguana.
The iguana is lightly wounded.
You constrict the iguana, but do no damage.
The iguana bites you!
Ouch! That really hurt!
You are too injured to fight recklessly!
You are too injured to fight recklessly!
You tentacle-slap the iguana. You squeeze the iguana.
The iguana is heavily wounded.
You constrict the iguana. The iguana bites you!
* * * LOW HITPOINT WARNING * * *
You tentacle-slap the iguana.
The iguana is severely wounded.
You constrict the iguana. The iguana bites you.
You die...

#..###.## #......
#....#.####.##.##
#.##...........#
#.##........#....
###..####.##..#.###
#.............#)#
#..........#....
####......###......#
#....@....# #.#.####
#?##.l....# .#.# #
#..........#.#
#.......## ####.#.##
..... .....# .....#


You could see an iguana.

Vanquished Creatures
  A gnoll (D:5)
1 creature vanquished.

Notes
Turn   | Place    | Note
-------+----------+-------------------------------------------
     0 | D:5      | M4edhros the Octopode Delver began the quest for the Orb.
     0 | D:5      | Reached XP level 1. HP: 16/16 MP: 1/1
    21 | D:6      | Noticed a jelly
    35 | D:7      | Noticed a killer bee
    35 | D:7      | Noticed a killer bee
    35 | D:7      | Noticed a killer bee
    49 | D:6      | Noticed a necrophage
    53 | D:5      | Reached XP level 2. HP: 18/21 MP: 2/2
    92 | D:5      | Found a burning altar of Makhleb.
    94 | D:5      | Found a basalt altar of Yredelemnul.
   100 | D:5      | Found a glowing silver altar of Zin.
   106 | D:5      | Became a worshipper of Zin the Law-Giver
   128 | D:5      | HP: 1/21 [iguana (9)]
   129 | D:5      | Slain by an iguana

Illustrated notes

Levels and vault maps discovered:
D:5:      layout_loops_cross, grunt_temple_overflow_diamond,
          serial_bayou_pond_e, uniq_blork_the_orc, uniq_grinder,
          uniq_prince_ribbit1
D:6:      layout_cave_pools, nicolae_uskayaw_murder_on_the_dancefloor
D:7:      layout_basic, lemuel_mausoleum_altar_kikubaaqudgha

Action                     || total
---------------------------++-------
  Melee: Unarmed           ||     5
         Constrict         ||     2
         Tentacles         ||     2
  Dodge: Dodged            ||     2

Table legend: (Time is in decaauts)
 A = Elapsed time spent in this place.
 B = Non-inter-level travel time spent in this place.
 C = Inter-level travel time spent in this place.
 D = Time resting spent in this place.
 E = Time spent auto-exploring this place.
 F = Levels seen in this place.
 G = Mean time per level.
                   A        B        C        D        E       F      G
               +--------+--------+--------+--------+--------+-----+--------+
         Total |    129 |    129 |      0 |      0 |      0 |   3 |   43.0 |
       Dungeon |    129 |    129 |      0 |      0 |      0 |   3 |   43.0 |
               +--------+--------+--------+--------+--------+-----+--------+

Top non-repeatable levels by time:
     D:5: 100 daAuts
     D:6: 27 daAuts
     D:7: 1 daAuts
